 Dungeon Crawl Stone Soup version 0.31-a0-1144-g99969ba1bc (webtiles) character file.

Game seed: 2507693044854345941

1511 Inarius the Cleaver (level 8, -2/60 HPs)
             Began as a Demonspawn Fighter on Dec 6, 2023.
             Was a Follower of Makhleb.
             Slain by a sky beast (5 damage)
             ... on level 6 of the Dungeon.
             The game lasted 00:07:25 (5810 turns).

Inarius the Cleaver (Demonspawn Fighter)            Turns: 5810, Time: 00:07:26

Health: -2/60      AC:  0    Str: 24    XL:     8   Next: 53%
Magic:  10/10      EV:  9    Int:  8    God:    Makhleb [*.....]
Gold:   431        SH:  0    Dex: 14    Spells: 7/7 levels left

rFire   . . .        a - +0 war axe
rCold   . . .        c - +0 buckler
rNeg    + . .        b - +0 scale mail
rPois   .            m - +0 helmet
rElec   .            D - +2 cloak
rCorr   .            k - +0 pair of gloves
SInv    .            (no boots)
Will    .....        (no amulet) Stlth
                     q - +6 ring of strength
HPRegen 0.30/turn    w - ring of positive energy
MPRegen 0.12/turn

%: no passive effects
@: confused, ambrosia-drunk, corroded
A: demonic magic 1, weakness stinger 2
a: Renounce Religion


You were on level 6 of the Dungeon.
You worshipped Makhleb.
Makhleb was aware of your devotion.
You visited 2 branches of the dungeon, and saw 7 of its levels.
You also visited: Sewer and Ossuary.

You collected 431 gold pieces.

Inventory:

Hand Weapons
 a - a +0 war axe (weapon)
 p - a +4 quarterstaff of chaos
Armour
 b - a +0 scale mail (worn)
 c - a +0 buckler (worn)
 k - a +0 pair of gloves (worn)
 m - a +0 helmet (worn)
 D - a +2 cloak (worn)
Jewellery
 g - a ring of resist corrosion
 q - a +6 ring of strength (left hand)
 w - a ring of positive energy (right hand)
 z - a ring of ice
 B - a ring of protection from cold
Wands
 v - a wand of flame (13)
 H - a wand of light (8)
Scrolls
 f - 4 scrolls of teleportation
 n - 2 scrolls of enchant armour
 o - a scroll of fear
 s - a scroll of noise
 t - a scroll of vulnerability
 y - a scroll of enchant weapon {unknown}
 A - 3 scrolls of fog {unknown}
 G - a scroll of identify
Potions
 d - 4 potions of might
 e - 5 potions of mutation {unknown}
 h - 4 potions of haste {unknown}
 i - 3 potions of berserk rage {unknown}
 l - 2 potions of curing
 r - 2 potions of lignification {unknown}
 u - a potion of invisibility
 x - 2 potions of attraction {unknown}
 C - a potion of magic {unknown}
 E - a potion of degeneration {unknown}
 F - a potion of cancellation {unknown}


   Skills:
 + Level 4.2 Fighting
 * Level 8.3 Axes
 + Level 4.1 Armour
 + Level 3.5 Shields
 * Level 3.0 Invocations
 + Level 0.2 Evocations


You had 7 spell levels left.
You didn't know any spells.
Your spell library contained the following spells:

 Spells                   Type           Power      Damage    Failure   Level
 Ozocubu's Armour         Ice            0%         N/A       98%         3
 Metabolic Englaciation   Hex/Ice        0%         N/A       100%        5
 Simulacrum               Ice/Necr       0%         N/A       100%        6
 Chain Lightning          Conj/Air       0%         N/A       100%        9
 Fire Storm               Conj/Fire      0%         5d1       100%        9
 Shatter                  Erth           0%         3d5*      100%        9


Dungeon Overview and Level Annotations

Branches:
Dungeon (6/15)             Temple (1/1) D:5           Sewer (visited)
Ossuary (visited)

Altars:
Ashenzari
Cheibriados
Dithmenos
Fedhas
Gozag
Hepliaklqana
Kikubaaqudgha
Makhleb
Nemelex Xobeh
Okawaru
Qazlal
Ru
Sif Muna
Trog
Uskayaw
Vehumet
Wu Jian
Xom
Yredelemnul

Annotations:
D:2 Terence


Innate Abilities, Weirdness & Mutations

Spells you cast may paralyse adjacent enemies.
You have a tail ending in a sharp stinger.


Message History

The sky beast hits you but does no damage.
The jelly hits you but does no damage.
You are too injured to fight recklessly!
You are too injured to fight recklessly!
You are too injured to fight recklessly!
You are too injured to fight recklessly!
You are too injured to fight recklessly!
You are too injured to fight recklessly!
You are too injured to fight recklessly!
You are too injured to fight recklessly!
You are too injured to fight recklessly!
You are too injured to fight recklessly!
You are too injured to fight recklessly!
You are too injured to fight recklessly!
You are too injured to fight recklessly!
You are too injured to fight recklessly!
You are too injured to fight recklessly!
You are too injured to fight recklessly!
You are too injured to fight recklessly!
Unknown command.
You are too injured to fight recklessly!
You slash the jelly! The acid corrodes you!
Your hands burn!
The jelly is severely wounded.
You hit the sky beast but do no damage. The sky beast closely misses you.
The jelly hits you.
You are splashed with acid!
* * * LOW HITPOINT WARNING * * *
You barely miss the jelly.
The jelly is severely wounded.
You barely miss the sky beast. The sky beast hits you.
* * * LOW HITPOINT WARNING * * *
The sky beast shocks you.
* * * LOW HITPOINT WARNING * * *
The jelly barely misses you.
You are confused.
You feel invigorated.
The sky beast flickers out of sight!
Deactivating autopickup; reactivate with Ctrl-A.
Something hits you.
* * * LOW HITPOINT WARNING * * *
Something shocks you.
You die...

########*...._.......,,,,,,,,,,,,
,,,,,,,,#.#§#.#,#.......,,,,,,,,,
,,,,,,,.#§.#.§§##.......,,,,,,,,,
,,,,,,,..§..#.#.#.......,,,,,,,,,
,,,,,,,,#.......#.......,,,,,,,,,
,,***####....##.#.......,,,,,,,,,
,,***...................,********
,,,,*............J......,*,,,*
,,,,+...........@.......,*,,,*
,,,,*.....?.....{.......,+,,,*
#####...................,*,,**
......##.###.####.######***+*****
......#.,,#........# *,,,,,,*,
......#..,#........# *,,,,,,*,
......#...#........# *,,,,,,*,
......#............# *,,,,,,*,
......#..###..###.### **,**,**,


You could see a jelly.

Vanquished Creatures
  A water moccasin (Sewer)
  An ice beast (D:5)
  An orc warrior (D:6)
  A sky beast (D:5)
  A centaur (D:5)
  A phantom (D:6)
  An elf zombie (D:6)
  A bullfrog (D:6)
  2 scorpions (D:5)
  An elf skeleton (D:6)
  A jelly (D:5)
  3 human zombies (D:6)
  3 hounds
  3 iguanas (D:5)
  Crazy Yiuf (D:2)
  A sleepcap (D:5)
  A human skeleton (D:6)
  An orc wizard (D:4)
  8 mummies (Ossuary)
  5 adders
  A river rat (D:3)
  2 white imps (D:6)
  A worm (D:4)
  3 dart slugs
  16 orcs
  A ball python (D:2)
  4 endoplasms
  4 giant cockroaches
  2 gnoll zombies (Ossuary)
  7 hobgoblins
  2 jackals (Sewer)
  7 kobolds
  4 quokkas
  2 bats
  2 frilled lizards (D:1)
  8 goblins
  A hobgoblin zombie (Ossuary)
  A kobold zombie (Ossuary)
  4 orc zombies (Ossuary)
  7 rats
117 creatures vanquished.

Notes
Turn   | Place    | Note
-------+----------+-------------------------------------------
     0 | D:1      | Inarius the Demonspawn Fighter began the quest for the Orb.
     0 | D:1      | Reached XP level 1. HP: 18/18 MP: 1/1
   182 | D:1      | Reached skill level 2 in Axes
   187 | D:1      | Gained mutation: You have a small tail. [demonic ancestry]
   187 | D:1      | Reached XP level 2. HP: 24/24 MP: 2/2
  1024 | D:2      | Noticed Terence
  1144 | D:2      | Reached XP level 3. HP: 29/29 MP: 3/3
  1175 | D:2      | Found a runed translucent door.
  1176 | D:2      | Noticed Crazy Yiuf
  1182 | D:2      | Killed Crazy Yiuf
  1183 | D:2      | Reached skill level 3 in Axes
  1610 | D:3      | Found a glowing drain.
  1621 | D:3      | Reached XP level 4. HP: 17/35 MP: 4/4
  1691 | Sewer    | Entered a sewer
  1760 | Sewer    | Noticed a water moccasin
  1768 | Sewer    | Killed a water moccasin
  1769 | Sewer    | Reached skill level 4 in Axes
  1769 | Sewer    | Gained mutation: Spells you cast may paralyse adjacent
                  | enemies. [demonic ancestry]
  1769 | Sewer    | Reached XP level 5. HP: 29/41 MP: 5/5
  3276 | D:5      | Entered Level 5 of the Dungeon
  3305 | D:5      | Reached XP level 6. HP: 47/47 MP: 6/6
  3337 | D:5      | Noticed a two-headed ogre
  3402 | D:5      | Reached skill level 5 in Axes
  3651 | D:5      | Noticed a sky beast
  3660 | D:5      | Killed a sky beast
  3661 | D:5      | Reached skill level 6 in Axes
  3661 | D:5      | Gained mutation: You have a tail ending in a sharp stinger.
                  | [demonic ancestry]
  3661 | D:5      | Reached XP level 7. HP: 53/53 MP: 7/7
  3717 | D:5      | Found a staircase to the Ecumenical Temple.
  3723 | Temple   | Entered the Ecumenical Temple
  3778 | Temple   | Became a worshipper of Makhleb the Destroyer
  3855 | D:5      | Reached skill level 1 in Invocations
  4828 | D:6      | Reached skill level 7 in Axes
  4937 | D:6      | Reached XP level 8. HP: 60/60 MP: 9/9
  4965 | D:6      | Found a sand-covered staircase.
  5000 | Ossuary  | Entered an ossuary
  5046 | Ossuary  | Reached * piety under Makhleb
  5309 | D:6      | Reached skill level 8 in Axes
  5326 | D:6      | Found a shadowy altar of Dithmenos.
  5810 | D:6      | HP: 3/60 [something (4)]
  5810 | D:6      | Slain by a sky beast

Illustrated notes

Levels and vault maps discovered:
D:1:      nicolae_arrival_memento_mori, layout_basic, serial_glass,
          glass_columns_b, glass_columns_b, glass_columns_b, glass_columns_c,
          item_on_display_a
D:2:      layout_loops_ring, minmay_goblin_outpost, uniq_crazy_yiuf_cottage,
          uniq_terence
D:3:      layout_basic, portal_sewer_entry_b, nicolae_twisty_statue_hallways
D:4:      layout_loops_ring
D:5:      layout_basic, minmay_temple_entry_offerings
D:6:      layout_gridville, grunt_dithmenos_smoke_and_mirrors,
          nicolae_ossuary_entry_catacombs
Temple:   mainiacjoe_temple_starburst

Skill      XL: |  1  2  3  4  5  6  7  8 |
---------------+-------------------------+-----
Axes           | 2 3 4 6 7 8 |  8.3
Armour         | 3 4 |  4.1
Shields        | 3 |  3.5
Invocations    | 2 3 |  3.0
Fighting       | 4 |  4.2
Evocations     | |  0.2

Action                     |  1- 3 |  4- 6 |  7- 9 || total
---------------------------+-------+-------+-------++-------
  Melee: War axe           |    93 |   128 |   191 ||   412
         Tailslap          |     5 |    17 |    31 ||    53
  Evoke: Wand              |       |       |     8 ||     8
    Use: Scroll            |     5 |     2 |     2 ||     9
         Potion            |       |     1 |     1 ||     2
 Armour: Scale mail        |    70 |   100 |   118 ||   288
  Dodge: Dodged            |    47 |    52 |    61 ||   160
  Block: Buckler           |    22 |    31 |    30 ||    83

Table legend: (Time is in decaauts)
 A = Elapsed time spent in this place.
 B = Non-inter-level travel time spent in this place.
 C = Inter-level travel time spent in this place.
 D = Time resting spent in this place.
 E = Time spent auto-exploring this place.
 F = Levels seen in this place.
 G = Mean time per level.
                   A        B        C        D        E       F      G
               +--------+--------+--------+--------+--------+-----+--------+
         Total |   5931 |   5567 |    364 |    385 |   3849 |   9 |  659.0 |
       Dungeon |   5263 |   5003 |    260 |    259 |   3586 |   6 |  877.2 |
        Temple |    190 |     86 |    104 |     79 |      0 |   1 |  190.0 |
         Sewer |    225 |    225 |      0 |     47 |    118 |   1 |  225.0 |
       Ossuary |    252 |    252 |      0 |      0 |    145 |   1 |  252.0 |
               +--------+--------+--------+--------+--------+-----+--------+

Top non-repeatable levels by time:
     D:5: 1295 daAuts
     D:3: 912 daAuts
     D:1: 845 daAuts
     D:6: 819 daAuts
     D:4: 707 daAuts
     D:2: 682 daAuts
 Ossuary: 252 daAuts
   Sewer: 225 daAuts
  Temple: 190 daAuts
